 Dungeon Crawl Stone Soup version 0.30.1 (webtiles) character file.

Game seed: 82174540241111742

7150 Graphine the Cleaver (level 11, -23/94 HPs)
             Began as a Hill Orc Fighter on July 6, 2023.
             Was a Priest of Beogh.
             Annihilated by Erolcha
             ... wielding a +0 giant spiked club
              (33 damage)
             ... on level 9 of the Dungeon.
             The game lasted 00:22:18 (9194 turns).

Graphine the Cleaver (Hill Orc Fighter)             Turns: 9194, Time: 00:22:18

Health: -23/94     AC: 10    Str: 24    XL:     11   Next: 10%
Magic:  0/19       EV:  9    Int:  8    God:    Beogh [***...]
Gold:   133        SH:  0    Dex: 13    Spells: 10/10 levels left

rFire   . . .        h - +1 broad axe (freeze)
rCold   . . .        A - +3 kite shield
rNeg    . . .        e - +1 chain mail
rPois   .            m - +1 helmet
rElec   .            (no cloak)
rCorr   .            a - +0 pair of fencer's gloves {Riposte Dex+3}
SInv    .            r - +2 pair of boots {rampage}
Will    .....        o - amulet of guardian spirit Stlth
                     (no ring)
HPRegen 0.35/turn    (no ring)
MPRegen 0.16/turn

%: guardian spirit, rampage
@: confused, ambrosia-drunk, corroded
A: no striking features
a: Renounce Religion, Smiting


You were on level 9 of the Dungeon.
You worshipped Beogh.
Beogh was most pleased with you.
You visited 1 branch of the dungeon, and saw 9 of its levels.

You collected 405 gold pieces.
You spent 272 gold pieces at shops.

Inventory:

Hand Weapons
 h - a +1 broad axe of freezing (weapon)
 q - a +0 morningstar of flaming
 v - a +3 flail
Armour
 a - the +0 pair of fencer's gloves (worn) {Riposte Dex+3}
   (You acquired it on level 1 of the Dungeon)

   Riposte:   It allows the wearer to riposte with melee weapons, swiftly
   retaliating against missed or blocked melee attacks.
   Dex:       It affects your dexterity (+3).
 e - a +1 chain mail (worn)
 m - a +1 helmet (worn)
 r - a +2 pair of boots of rampaging (worn)
 A - a +3 kite shield (worn)
Jewellery
 o - an amulet of guardian spirit (around neck)
Wands
 d - a wand of polymorph (5)
 s - a wand of flame (26) (quivered)
 u - a wand of roots (2)
Scrolls
 i - a scroll of blinking
 l - 3 scrolls of identify
 n - 2 scrolls of amnesia
 p - 4 scrolls of teleportation
 w - a scroll of magic mapping
 x - a scroll of fog
 y - a scroll of poison
Potions
 f - 2 potions of attraction
 j - 6 potions of curing
 k - 3 potions of mutation
 t - a potion of brilliance
 z - a potion of resistance


   Skills:
 + Level 8.1 Fighting
 * Level 11.6 Axes
 + Level 7.5 Armour
 - Level 4.0 Dodging
 + Level 7.5 Shields
 * Level 10.7 Invocations


You had 10 spell levels left.
You didn't know any spells.
Your spell library contained the following spells:

 Spells                   Type           Power      Damage    Failure   Level
 Freeze                   Ice            0%         1d3       98%         1
 Poisonous Vapours        Pois/Air       0%         N/A       99%         2
 Sublimation of Blood     Necr           0%         N/A       99%         2
 Wereblood                Tmut           0%         N/A       99%         2
 Frozen Ramparts          Ice            0%         1d1       100%        3
 Hailstorm                Conj/Ice       0%         3d3       100%        3
 Mephitic Cloud           Conj/Pois/Air  0%         N/A       100%        3
 Summon Guardian Golem    Hex/Summ       0%         N/A       100%        3
 Freezing Cloud           Conj/Ice/Air   0%         6-21      100%        5
 Orb of Destruction       Conj           0%         9d5       100%        7
 Spellforged Servitor     Conj/Summ      0%         N/A       100%        7
 Summon Hydra             Summ           0%         N/A       100%        7


Dungeon Overview and Level Annotations

Branches:
Dungeon (9/15)             Temple (0/1) D:7
   Lair: D:8-11         Orc: D:9-12

Altars:
Fedhas
Gozag
Hepliaklqana
Makhleb
Okawaru
Qazlal
Trog
Vehumet
Wu Jian
Xom

Shops:
D:1 ?   D:5 ***   D:6 (

Annotations:
D:6 1 runed translucent door
D:9 Erolcha


Message History

You rampage towards the ice beast!
You barely miss the ice beast.
The ice beast is lightly wounded.
The ice beast hits you but does no damage.
You slice the ice beast!!
The ice beast is almost dead.
You closely miss something.
You hear some strange, mumbled words.
The ice beast hits you but does no damage.
You barely miss the acid dragon.
The acid dragon is severely wounded.
You hit the ice beast. The ice beast hits you. The ice beast freezes you!
The acid dragon bites you. You block the acid dragon's attack.
You slash the acid dragon! You freeze the acid dragon.
You kill the acid dragon!
Beogh accepts your kill.
You hit the ice beast.
The ice beast hits you but does no damage.
You hit the ice beast but do no damage.
The ice beast is almost dead.
You block the ice beast's attack.
You hit the ice beast but do no damage.
The ice beast is almost dead.
The ice beast closely misses you.
You hit the ice beast.
The ice beast is almost dead.
The ice beast closely misses you.
You hit the ice beast but do no damage.
The ice beast is almost dead.
You block the ice beast's attack.
You completely miss the ice beast.
The ice beast is almost dead.
You hit something but do no damage. You block the ice beast's attack.
Something hits you!!
* * * LOW HITPOINT WARNING * * *
The ice beast hits you but does no damage.
Something hits you!!
* * * LOW HITPOINT WARNING * * *
You are confused.
You feel invigorated. Something hits you!!!
You die...

....#...###......######
......................###
.....#.##....~..........##
............~.........#..#
.YD......................#
YYD..Y....)........##....#
#h##Y#...#######Y.####...#
#.###### # #.##..##).#
#...# #@##.)##).# #.#.##
#..#''#)).# .....##
#......)..# ......##
####......# #...#..##
######## ##..##..#
##......# #.......#
...##...#


You could see an ice beast.

Vanquished Creatures
  2 two-headed ogres (D:8)
  Joseph (D:8)
  Maggie (D:8)
  A rime drake (D:9)
  A wyvern (D:5)
  3 yaks (D:9)
  The ghost of topfpfpflanze the Magician, an amateur FeCj (D:6)
  A steam dragon (D:8)
  An acid dragon (D:9)
  2 water moccasins
  2 sky beasts (D:7)
  5 ice beasts
  2 orc warriors
  2 black bears (D:6)
  3 centaurs
  A kobold brigand (D:8)
  3 bullfrogs (D:7)
  4 gnoll sergeants (D:9)
  7 scorpions
  4 wights (D:6)
  15 killer bees
  A howler monkey (D:4)
  A crimson imp (D:3)
  5 hounds
  A jelly (D:7)
  A gnoll bouda (D:9)
  4 orc priests
  3 iguanas
  3 orc wizards
  Natasha (thrice) (D:4)
  21 gnolls
  3 adders
  2 white imps (D:6)
  An ufetubus (D:7)
  3 dart slugs
  20 orcs
  10 endoplasms
  10 giant cockroaches
  7 goblins
  5 hobgoblins
  14 jackals
  13 kobolds
  2 quokkas
  8 ball pythons
  6 bats
  2 frilled lizards
  4 rats (D:2)
  A butterfly (D:6)
216 creatures vanquished.

Vanquished Creatures (others)
  An orc (D:3)
1 creature vanquished.

Grand Total: 217 creatures vanquished

Notes
Turn   | Place    | Note
-------+----------+-------------------------------------------
     0 | D:1      | Graphine the Hill Orc Fighter began the quest for the Orb.
     0 | D:1      | Reached XP level 1. HP: 19/19 MP: 1/1
   155 | D:1      | Reached skill level 3 in Axes
   156 | D:1      | Reached XP level 2. HP: 25/27 MP: 2/2
   167 | D:1      | Found Tufraoph's Magic Scroll Shop.
   509 | D:1      | Reached XP level 3. HP: 33/33 MP: 3/3
  1032 | D:2      | Reached skill level 4 in Axes
  1147 | D:2      | Reached XP level 4. HP: 40/40 MP: 4/4
  2105 | D:3      | Became a worshipper of Beogh the Brigand
  2208 | D:3      | Found a radiant altar of Vehumet.
  2208 | D:3      | Found a burning altar of Makhleb.
  2216 | D:3      | Reached skill level 1 in Invocations
  2216 | D:3      | Reached XP level 5. HP: 47/47 MP: 5/5
  2636 | D:4      | Noticed Natasha
  2644 | D:4      | Killed Natasha
  2645 | D:4      | Reached skill level 5 in Axes
  2685 | D:4      | Noticed Natasha
  2690 | D:4      | Killed Natasha
  2691 | D:4      | Reached XP level 6. HP: 38/53 MP: 7/7
  3056 | D:4      | Reached * piety under Beogh
  3141 | D:4      | Noticed Natasha
  3144 | D:4      | Killed Natasha
  3267 | D:4      | Found a stormy altar of Qazlal.
  3319 | D:5      | Entered Level 5 of the Dungeon
  3364 | D:5      | Found Ehonob's General Store.
  3366 | D:5      | Found Sutieq's Specific Store.
  3366 | D:5      | Noticed a wyvern
  3374 | D:5      | Killed a wyvern
  3375 | D:5      | Reached skill level 5 in Fighting
  3375 | D:5      | Reached skill level 6 in Axes
  3375 | D:5      | Reached XP level 7. HP: 12/61 MP: 8/10
  3605 | D:5      | Found Iniurah's Overcharged Wands.
  3664 | D:5      | Reached skill level 1 in Dodging
  3945 | D:6      | Noticed topfpfpflanze's ghost (amateur FeCj)
  3954 | D:6      | Found a transporter.
  3958 | D:6      | Found a transporter.
  3970 | D:6      | Reached XP level 8. HP: 50/68 MP: 7/11
  4210 | D:6      | Found a runed translucent door.
  4212 | D:6      | Found a runed translucent door.
  4220 | D:6      | Reached skill level 5 in Armour
  4220 | D:6      | Reached skill level 5 in Shields
  4220 | D:6      | Reached skill level 5 in Invocations
  4223 | D:6      | Reached skill level 7 in Axes
  4570 | D:6      | Reached skill level 8 in Axes
  4599 | D:6      | Found an iron altar of Okawaru.
  4623 | D:6      | Reached XP level 9. HP: 33/75 MP: 6/14
  4761 | D:6      | Found Ziwalevvi's Weapon Shop.
  4947 | D:6      | Found a hazy altar of Hepliaklqana.
  4950 | D:6      | Found a bloodstained altar of Trog.
  4951 | D:6      | Found a shimmering altar of Xom.
  4968 | D:6      | Reached ** piety under Beogh
  5041 | D:6      | Found a blossoming altar of Fedhas.
  5610 | D:6      | Killed topfpfpflanze's ghost
  5611 | D:6      | Reached skill level 9 in Axes
  6444 | D:7      | Found a staircase to the Ecumenical Temple.
  6573 | D:7      | Found an ornate altar of the Wu Jian Council.
  6648 | D:7      | Reached XP level 10. HP: 84/84 MP: 16/16
  7246 | D:7      | Reached skill level 10 in Axes
  7276 | D:8      | Noticed a two-headed ogre
  7278 | D:8      | Noticed a two-headed ogre
  7297 | D:7      | Reached *** piety under Beogh
  7504 | D:8      | Noticed Joseph
  7527 | D:8      | Killed Joseph
  7564 | D:8      | Killed a two-headed ogre
  7648 | D:8      | Noticed Maggie
  7659 | D:8      | Killed Maggie
  7893 | D:8      | Killed a two-headed ogre
  7894 | D:8      | Reached skill level 10 in Invocations
  8084 | D:1      | Bought a scroll of brand weapon for 123 gold pieces
  8085 | D:1      | Identified a scroll of acquirement
  8085 | D:1      | Acquired the +0 pair of fencer's gloves {Riposte Dex+3}
  8085 | D:1      | Found the +0 pair of fencer's gloves {Riposte Dex+3}
  8197 | D:5      | Bought a +0 pair of boots of rampaging for 149 gold pieces
  8371 | D:8      | Reached skill level 11 in Axes
  8579 | D:8      | Found an opulent altar of Gozag.
  8918 | D:9      | Reached XP level 11. HP: 56/94 MP: 12/18
  9175 | D:9      | Noticed Erolcha
  9194 | D:9      | Annihilated by Erolcha

Illustrated notes

Levels and vault maps discovered:
D:1:      minmay_arrival_shattered_statue, layout_loops_ring, serial_shops,
          nicolae_shop_hallway_plus, serial_bayou_pond_b, minmay_pentomino_s2
D:2:      layout_rooms, serial_bayou, serial_bayou_lagoon_a,
          serial_bayou_pond_d, serial_bayou_lagoon_b, serial_bayou_lake_a,
          interstate_on_off, chequers_serial_rivers_micro_a
D:3:      layout_loops_corners, grunt_temple_overflow_lords_of_destruction
D:4:      layout_basic, lemuel_doored_altar, uniq_natasha
D:5:      layout_cave_pools, nicolae_specific_store,
          nicolae_shop_overcharged_wands
D:6:      lemuel_insect_pit, layout_loops_corners, kennysheep_mini_moat,
          chequers_temple_overflow_statue_of_worship,
          nicolae_overflow_crystal_walls, serial_shops, shop,
          gammafunk_ghost_hive, minmay_door_square, nrook_mini_vaults
D:7:      layout_loops_corners, nicolae_wu_jian_immortal_techniques,
          minmay_temple_entry_steel_oval
D:8:      layout_cave_pools, lemuel_tele_altar, minivault_26, uniq_maggie,
          uniq_joseph
D:9:      layout_cross, hellmonk_lair_entry_icy, serial_gnoll_camp,
          gnoll_camp_mini_loothouse, gnoll_camp_huts_basic,
          gnoll_camp_mini_doghouse, gnoll_camp_mini_hut, gnoll_camp_mini_hut,
          gammafunk_ghost_necromancy, uniq_maurice, uniq_erolcha

Skill      XL: |  1  2  3  4  5  6  7  8  9 10 |
---------------+-------------------------------+-----
Axes           | 3 4 5 6 8 9 11 | 11.6
Fighting       | 4 5 6 8 |  8.1
Shields        | 4 5 6 7 |  7.5
Invocations    | 1 2 4 6 8 10 | 10.7
Armour         | 4 5 6 7 |  7.5
Dodging        | 1 2 3 4 |  4.0

Action                     |  1- 3 |  4- 6 |  7- 9 | 10-12 || total
---------------------------+-------+-------+-------+-------++-------
  Melee: War axe           |    98 |   129 |   254 |    55 ||   536
         Broad axe         |       |       |       |   143 ||   143
  Throw: Stone             |    51 |    12 |       |       ||    63
 Invoke: Convert to Beogh  |       |     1 |       |       ||     1
         Smiting           |       |       |       |     5 ||     5
  Evoke: Wand              |       |     2 |    23 |    23 ||    48
    Use: Scroll            |     4 |    10 |     6 |    11 ||    31
         Potion            |       |     2 |     7 |     3 ||    12
 Armour: Scale mail        |    71 |    62 |       |       ||   133
         Chain mail        |       |     2 |   190 |   100 ||   292
  Dodge: Dodged            |    44 |    67 |   153 |    72 ||   336
  Block: Buckler           |    21 |    34 |    72 |    30 ||   157
         Kite shield       |       |       |       |    40 ||    40
Riposte: Broad axe         |       |       |       |    19 ||    19
